CAROLINA vs DALLAS

Created - February-15-21 at 18:53

Goals
1 2 3 T
CAROLINA 1 2 0 3
DALLAS 2 2 0 4
Shots
1 2 3 T
CAROLINA 7 11 10 28
DALLAS 7 12 13 32

1st period

1. DALLAS , Auston Matthews 11 (Quinn Hughes 6, Adam Boqvist 7) at 12:46 (PP)
2. CAROLINA , Matt Martin 5 (Duncan Keith 10, Alexander Radulov 13) at 14:06
3. DALLAS , Auston Matthews 12 (Mikko Rantanen 10, Quinn Hughes 7) at 19:47

Penalties :
Adam Henrique (CAR) for Roughing (Minor) at 11:15

2nd period

4. CAROLINA , Nicklas Backstrom 11 (Duncan Keith 11, Alexander Radulov 14) at 1:15 (PP)
5. CAROLINA , Sebastian Aho 2 (Patrice Bergeron 8, Matt Benning 5) at 4:54
6. DALLAS , Adam Boqvist 1 (Auston Matthews 17, Mikko Rantanen 11) at 9:42
7. DALLAS , Ilya Mikheyev 3 (Alex Tuch 4, Kasperi Kapanen 3) at 16:26

Penalties :
Timo Meier (DAL) for Hooking (Minor) at 0:10, Matt Martin (CAR) for Hooking (Minor) at 2:45, Dmitri Sokolov (CAR) for Holding (Minor) at 5:29, Brady Skjei (DAL) for Roughing (Minor) at 11:41, Brady Skjei (DAL) for Hooking (Minor) at 13:53

3rd period

No Goal

Penalties :
Mikko Rantanen (DAL) for High sticking (Minor) at 19:44

Goalie Stats

Sergei Bobrovsky (CAR), 28 saves from 32 shots - (0.875), L, 14-7-2, 59:29 minutes
Ben Bishop (DAL), 25 saves from 28 shots - (0.893), W, 14-6-2, 60:00 minutes

Players Stats for CAROLINA

Player Name              G  A  P  +/- PIM S  H  SB GA TA FO     MP     PP MP  PK MP  
------------------------------------------------------------------------------------
Adam Henrique            0  0  0  -2  2   5  0  0  0  0  0/0    13:57   0:18   0:00 
Alexander Radulov        0  2  2   1  0   2  1  0  0  0  0/0    19:38   2:36   1:31 
Brent Burns              0  0  0   0  0   3  1  4  0  0  0/0    24:28   3:01   3:33 
CAR Cap Hit              0  0  0   0  0   0  0  0  0  0  0/0     3:30   0:00   0:00 
Cooper Marody            0  0  0   1  0   0  0  0  0  0  0/0     2:23   0:18   0:00 
David Kampf              0  0  0  -2  0   1  0  0  0  0  8/17   15:33   0:00   1:53 
Deryk Engelland          0  0  0   1  0   0  2  1  0  0  0/0    20:16   1:59   1:56 
Dmitri Sokolov           0  0  0  -2  2   0  0  0  0  0  0/0    13:39   0:00   0:00 
Dominik Kubalik          0  0  0  -1  0   1  1  0  0  0  0/1    18:26   2:24   0:00 
Duncan Keith             0  2  2   1  0   1  0  1  0  0  0/0    20:34   2:17   1:56 
Joel L'Esperance         0  0  0   1  0   0  0  0  0  0  0/0     4:18   0:18   0:00 
Matt Benning             0  1  1  -2  0   0  3  0  0  0  0/0    14:58   0:00   0:00 
Matt Martin              1  0  1   1  2   4  2  0  0  0  2/3    18:06   2:36   0:00 
Nicklas Backstrom        1  0  1   0  0   4  0  0  0  0  10/22  21:33   2:36   3:58 
Patrice Bergeron         0  1  1   0  0   4  2  0  0  0  20/32  22:58   2:24   2:05 
Sam Lafferty             0  0  0   1  0   0  0  0  0  0  1/5     4:00   0:00   0:00 
Sebastian Aho            1  0  1  -2  0   1  1  1  0  0  0/0    15:16   0:18   0:00 
Shea Weber               0  0  0   0  0   1  0  2  0  0  0/0    20:58   3:01   3:33 
Vladimir Tarasenko       0  0  0  -1  0   1  0  0  0  0  2/4    19:57   2:24   1:31 

Players Stats for DALLAS

Player Name              G  A  P  +/- PIM S  H  SB GA TA FO     MP     PP MP  PK MP  
------------------------------------------------------------------------------------
Adam Boqvist             1  1  2   2  0   1  4  0  0  0  0/0    15:46   0:17   2:02 
Alex Tuch                0  1  1   0  0   1  0  0  0  0  7/10   14:16   0:00   0:55 
Auston Matthews          2  1  3   1  0   6  0  0  0  0  17/38  21:57   2:43   3:15 
Brady Skjei              0  0  0   0  4   0  2  1  0  0  0/0    22:50   2:59   0:34 
Charlie McAvoy           0  0  0   0  0   4  2  1  0  0  0/0    24:34   2:59   2:29 
Denis Gurianov           0  0  0   0  0   1  0  0  0  0  0/0     4:08   0:00   0:00 
Evgenii Dadonov          0  0  0   0  0   1  0  0  0  0  0/2    19:54   2:46   1:23 
Ilya Mikheyev            1  0  1   0  0   2  0  0  0  0  0/0    13:21   0:00   0:00 
Jakob Chychrun           0  0  0  -1  0   2  4  0  0  0  0/0    21:00   2:13   2:20 
Kasperi Kapanen          0  1  1   0  0   1  1  0  0  0  1/2    13:21   0:00   0:00 
Kirby Dach               0  0  0   0  0   2  0  0  0  0  3/4     4:08   0:00   0:00 
Lawson Crouse            0  0  0   0  0   1  1  0  0  0  0/0     4:48   0:00   0:40 
Mikko Rantanen           0  2  2   1  2   6  2  0  0  0  0/3    21:41   2:43   3:00 
Nikita Zaitsev           0  0  0  -1  0   2  2  2  0  0  0/0    21:39   2:13   2:59 
Pavel Zacha              0  0  0   0  0   1  0  0  0  0  10/19  18:31   2:46   0:00 
Quinn Hughes             0  2  2   2  0   0  2  2  0  0  0/0    14:09   0:17   0:12 
Timo Meier               0  0  0   1  2   1  4  0  0  0  3/4    20:04   2:43   1:23 
Travis Konecny           0  0  0   0  0   0  3  0  0  0  0/2    18:31   2:46   0:00 

3 Stars

1 - Auston Matthews (DAL)
2 - Adam Boqvist (DAL)
3 - Quinn Hughes (DAL)

Power Play

CAROLINA - 1 on 4 Attempt(s) - 25.00%
DALLAS - 1 on 3 Attempt(s) - 33.33%

Penalty Kill

CAROLINA - 2 on 3 Attempt(s) - 66.67% - Score 0 goal in Penalty Kill
DALLAS - 3 on 4 Attempt(s) - 75.00% - Score 0 goal in Penalty Kill

Team Stat

CAROLINA - Hits : 13 - Faceoff Wins : 43 - Blocked Shots : 9 - Penalty Minutes : 6
DALLAS - Hits : 27 - Faceoff Wins : 41 - Blocked Shots : 6 - Penalty Minutes : 8

Official

Referees : Conor O'Donnell and Wes McCauley
Linesman : Luke Galvin and Kory Nagy

Game Notes

No Game Note

Finance

Level 1 -- Attendance: 4740 (79.00%) -- Ticket Income $474,000
Level 2 -- Attendance: 2784 (55.68%) -- Ticket Income $222,720
Level 3 -- Attendance: 991 (49.55%) -- Ticket Income $59,460
Level 4 -- Attendance: 2117 (52.93%) -- Ticket Income $63,510
Luxury Box -- Attendance: 1000 (100.00%) -- Ticket Income $120,000
Game was played at the American Airlines Center.
Total Attendance: 11632 (64.62%)
Total Ticket Income: $939,690
Total Income: $939,690

CAROLINA

5 vs 5 Forward 
   Center                   Left Wing                Right Wing               Time % Phy DF OF 
 1 Patrice Bergeron         Dominik Kubalik          Vladimir Tarasenko       35     1   2  2  
 2 Nicklas Backstrom        Matt Martin              Alexander Radulov        30     1   2  2  
 3 David Kampf              Dmitri Sokolov           Adam Henrique            25     1   2  2  
 4 Sam Lafferty             Patrice Bergeron         Joel L'Esperance         10     1   2  2  

5 vs 5 Defense 
   Defense                  Defense                                           Time % Phy DF OF 
 1 Brent Burns              Shea Weber                                        35     1   2  2  
 2 Duncan Keith             Deryk Engelland                                   30     1   2  2  
 3 Sebastian Aho            Matt Benning                                      25     1   2  2  
 4 CAR Cap Hit              Brent Burns                                       10     1   2  2  

PowerPlay Forward 
   Center                   Left Wing                Right Wing               Time % Phy DF OF 
 1 Patrice Bergeron         Dominik Kubalik          Vladimir Tarasenko       60     1   2  2  
 2 Nicklas Backstrom        Matt Martin              Alexander Radulov        40     1   2  2  

PowerPlay Defense
   Defense                  Defense                                           Time % Phy DF OF 
 1 Brent Burns              Shea Weber                                        60     1   2  2  
 2 Duncan Keith             Deryk Engelland                                   40     1   2  2  

Penalty Kill 4 Players Forward 
   Center                   Wing                     Time % Phy DF OF 
 1 Patrice Bergeron         Nicklas Backstrom        60     1   2  2  
 2 Vladimir Tarasenko       Alexander Radulov        40     1   2  2  

Penalty Kill 4 Players Defense
   Defense                  Defense                  Time % Phy DF OF 
 1 Brent Burns              Shea Weber               60     1   2  2  
 2 Duncan Keith             Deryk Engelland          40     1   2  2  

Penalty Kill - 3 Players Forward 
   Forward                                           Time % Phy DF OF 
 1 Patrice Bergeron                                  60     1   2  2  
 2 Nicklas Backstrom                                 40     1   2  2  

Penalty Kill - 3 Players Defense
   Defense                  Defense                  Time % Phy DF OF 
 1 Brent Burns              Shea Weber               60     1   2  2  
 2 Duncan Keith             Deryk Engelland          40     1   2  2  

4 vs 4 Forward 
   Center                   Wing                     Time % Phy DF OF 
 1 Patrice Bergeron         Nicklas Backstrom        60     1   2  2  
 2 Vladimir Tarasenko       Alexander Radulov        40     1   2  2  

4 vs 4 Defense
   Defense                  Defense                  Time % Phy DF OF 
 1 Brent Burns              Shea Weber               60     1   2  2  
 2 Duncan Keith             Deryk Engelland          40     1   2  2  

Last Minutes Offensive
   Center                   Left Wing                Right Wing               Defense                  Defense                  
   Patrice Bergeron         Dominik Kubalik          Vladimir Tarasenko       Brent Burns              Shea Weber               

Last Minutes Defensive
   Center                   Left Wing                Right Wing               Defense                  Defense                  
   Patrice Bergeron         Dominik Kubalik          Vladimir Tarasenko       Brent Burns              Shea Weber               

Goaltenders
Starting : Sergei Bobrovsky         
Backup : Scott Wedgewood          

Extra Forwards
Normal : Cooper Marody, Adam Henrique, David Kampf - PP : Cooper Marody, Adam Henrique - PK : David Kampf
Extra Defensemen
Normal : Sebastian Aho, Matt Benning, CAR Cap Hit - PP : Sebastian Aho - PK : Matt Benning, CAR Cap Hit
Penalty Shots
Patrice Bergeron, Nicklas Backstrom, Vladimir Tarasenko, Alexander Radulov, Adam Henrique

Scratches
Claude Giroux (Healthy)

DALLAS

5 vs 5 Forward 
   Center                   Left Wing                Right Wing               Time % Phy DF OF 
 1 Auston Matthews          Mikko Rantanen           Timo Meier               35     1   2  2  
 2 Pavel Zacha              Evgenii Dadonov          Travis Konecny           30     1   2  2  
 3 Alex Tuch                Kasperi Kapanen          Ilya Mikheyev            25     1   2  2  
 4 Kirby Dach               Lawson Crouse            Denis Gurianov           10     1   2  2  

5 vs 5 Defense 
   Defense                  Defense                                           Time % Phy DF OF 
 1 Charlie McAvoy           Brady Skjei                                       35     1   2  2  
 2 Nikita Zaitsev           Jakob Chychrun                                    30     1   2  2  
 3 Quinn Hughes             Adam Boqvist                                      25     1   2  2  
 4 Charlie McAvoy           Brady Skjei                                       10     1   2  2  

PowerPlay Forward 
   Center                   Left Wing                Right Wing               Time % Phy DF OF 
 1 Auston Matthews          Mikko Rantanen           Timo Meier               60     1   2  2  
 2 Pavel Zacha              Evgenii Dadonov          Travis Konecny           40     1   2  2  

PowerPlay Defense
   Defense                  Defense                                           Time % Phy DF OF 
 1 Charlie McAvoy           Brady Skjei                                       60     1   2  2  
 2 Nikita Zaitsev           Jakob Chychrun                                    40     1   2  2  

Penalty Kill 4 Players Forward 
   Center                   Wing                     Time % Phy DF OF 
 1 Auston Matthews          Mikko Rantanen           60     1   2  2  
 2 Timo Meier               Evgenii Dadonov          40     1   2  2  

Penalty Kill 4 Players Defense
   Defense                  Defense                  Time % Phy DF OF 
 1 Charlie McAvoy           Brady Skjei              60     1   2  2  
 2 Nikita Zaitsev           Jakob Chychrun           40     1   2  2  

Penalty Kill - 3 Players Forward 
   Forward                                           Time % Phy DF OF 
 1 Auston Matthews                                   60     1   2  2  
 2 Mikko Rantanen                                    40     1   2  2  

Penalty Kill - 3 Players Defense
   Defense                  Defense                  Time % Phy DF OF 
 1 Charlie McAvoy           Brady Skjei              60     1   2  2  
 2 Nikita Zaitsev           Jakob Chychrun           40     1   2  2  

4 vs 4 Forward 
   Center                   Wing                     Time % Phy DF OF 
 1 Auston Matthews          Mikko Rantanen           60     1   2  2  
 2 Timo Meier               Evgenii Dadonov          40     1   2  2  

4 vs 4 Defense
   Defense                  Defense                  Time % Phy DF OF 
 1 Charlie McAvoy           Brady Skjei              60     1   2  2  
 2 Nikita Zaitsev           Jakob Chychrun           40     1   2  2  

Last Minutes Offensive
   Center                   Left Wing                Right Wing               Defense                  Defense                  
   Auston Matthews          Mikko Rantanen           Timo Meier               Charlie McAvoy           Brady Skjei              

Last Minutes Defensive
   Center                   Left Wing                Right Wing               Defense                  Defense                  
   Auston Matthews          Mikko Rantanen           Timo Meier               Charlie McAvoy           Brady Skjei              

Goaltenders
Starting : Ben Bishop               
Backup : Ilya Samsonov            

Extra Forwards
Normal : Ilya Mikheyev, Kasperi Kapanen, Alex Tuch - PP : Ilya Mikheyev, Kasperi Kapanen - PK : Alex Tuch
Extra Defensemen
Normal : Quinn Hughes, Adam Boqvist, Nikita Zaitsev - PP : Quinn Hughes - PK : Adam Boqvist, Nikita Zaitsev
Penalty Shots
Auston Matthews, Mikko Rantanen, Timo Meier, Evgenii Dadonov, Travis Konecny

Scratches
Jason Spezza (Healthy), Vladimir Sobotka (Healthy)

% Time on Ice - CAROLINA

Lines # - Real PCT - Wanted PCT - Time Play
Normal Forward
1 - 32% - 35% - 15:55
2 - 32% - 30% - 15:31
3 - 28% - 25% - 13:40
4 - 8% - 10% - 4:00
Normal Defense
1 - 29% - 35% - 14:17
2 - 33% - 30% - 16:21
3 - 30% - 25% - 14:58
4 - 7% - 10% - 3:30
PP Forward
1 - 51% - 60% - 2:42
2 - 49% - 40% - 2:36
PP Defense
1 - 57% - 60% - 3:01
2 - 43% - 40% - 2:17
PK Forward
1 - 72% - 60% - 3:58
2 - 28% - 40% - 1:31
PK Defense
1 - 65% - 60% - 3:33
2 - 35% - 40% - 1:56
PK3 Forward
1 - 0% - 60%
2 - 0% - 40%
PK3 Defense
1 - 0% - 60%
2 - 0% - 40%
44 Forward
1 - 0% - 60%
2 - 0% - 40%
44 Defense
1 - 0% - 60%
2 - 0% - 40%
Last Minute Offensive  - 0:07
Last Minute Defensive  - 0:00
Total
Forward - 60:00
Defense - 60:00

% Time on Ice - DALLAS

Lines # - Real PCT - Wanted PCT - Time Play
Normal Forward
1 - 32% - 35% - 15:26
2 - 32% - 30% - 15:45
3 - 27% - 25% - 13:21
4 - 8% - 10% - 4:08
Normal Defense
1 - 34% - 35% - 16:30
2 - 34% - 30% - 16:27
3 - 28% - 25% - 13:27
4 - 5% - 10% - 2:16
PP Forward
1 - 50% - 60% - 2:43
2 - 50% - 40% - 2:46
PP Defense
1 - 60% - 60% - 3:16
2 - 40% - 40% - 2:13
PK Forward
1 - 74% - 60% - 3:55
2 - 26% - 40% - 1:23
PK Defense
1 - 58% - 60% - 3:04
2 - 42% - 40% - 2:14
PK3 Forward
1 - 0% - 60%
2 - 0% - 40%
PK3 Defense
1 - 0% - 60%
2 - 0% - 40%
44 Forward
1 - 0% - 60%
2 - 0% - 40%
44 Defense
1 - 0% - 60%
2 - 0% - 40%
Last Minute Offensive  - 0:00
Last Minute Defensive  - 0:33
Total
Forward - 60:00
Defense - 60:00

Play-by-Play

1st period


0:01 of 1st period - Patrice Bergeron wins face-off versus Mikko Rantanen in neutral zone.
0:04 of 1st period - Shot by Vladimir Tarasenko.
0:04 of 1st period - Shot Misses the Net.
0:06 of 1st period - Shot by Patrice Bergeron.
0:06 of 1st period - Stopped by Ben Bishop without a rebound.
0:07 of 1st period - Pavel Zacha wins face-off versus Nicklas Backstrom in DALLAS zone.
0:22 of 1st period - Shot by Evgenii Dadonov.
0:22 of 1st period - Shot Misses the Net.
0:24 of 1st period - Shot by Pavel Zacha.
0:24 of 1st period - Stopped by Sergei Bobrovsky without a rebound.
0:25 of 1st period - Alex Tuch wins face-off versus David Kampf in CAROLINA zone.
2:20 of 1st period - Nicklas Backstrom is hit by Nikita Zaitsev and loses puck.
3:23 of 1st period - Denis Gurianov is hit by Deryk Engelland and loses puck.
4:12 of 1st period - Shot by Ilya Mikheyev.
4:12 of 1st period - Deflect By Kasperi Kapanen.
4:12 of 1st period - Shot Blocked by Duncan Keith.
4:34 of 1st period - Brent Burns is hit by Mikko Rantanen and loses puck.
4:45 of 1st period - Shot by Vladimir Tarasenko.
4:45 of 1st period - Stopped by Ben Bishop without a rebound.
4:46 of 1st period - Pavel Zacha wins face-off versus David Kampf in DALLAS zone.
5:46 of 1st period - Off-side.
5:47 of 1st period - Patrice Bergeron wins face-off versus Auston Matthews in neutral zone.
6:47 of 1st period - Shot by Adam Henrique.
6:47 of 1st period - Shot Misses the Net.
8:05 of 1st period - Shot by Lawson Crouse.
8:05 of 1st period - Stopped by Sergei Bobrovsky with a rebound.
8:07 of 1st period - Shot by Denis Gurianov.
8:07 of 1st period - Stopped by Sergei Bobrovsky without a rebound.
8:08 of 1st period - Pavel Zacha wins face-off versus Sam Lafferty in CAROLINA zone.
8:36 of 1st period - Off-side.
8:37 of 1st period - David Kampf wins face-off versus Kirby Dach in neutral zone.
9:02 of 1st period - Shot by Adam Henrique.
9:02 of 1st period - Shot Misses the Net.
9:04 of 1st period - Shot by Dmitri Sokolov.
9:04 of 1st period - Deflect By Adam Henrique.
9:04 of 1st period - Stopped by Ben Bishop without a rebound.
9:05 of 1st period - Nicklas Backstrom wins face-off versus Auston Matthews in DALLAS zone.
9:25 of 1st period - Icing by Matt Martin.
9:26 of 1st period - Alex Tuch wins face-off versus Nicklas Backstrom in CAROLINA zone.
9:34 of 1st period - Kasperi Kapanen is hit by Brent Burns and loses puck.
10:22 of 1st period - Shot by Dominik Kubalik.
10:22 of 1st period - Shot Misses the Net.
11:15 of 1st period - Minor Penalty to Adam Henrique for Roughing.
11:16 of 1st period - Auston Matthews wins face-off versus David Kampf in CAROLINA zone.
11:50 of 1st period - Shea Weber is hit by Timo Meier and loses puck.
12:46 of 1st period - Shot by Auston Matthews.
12:46 of 1st period - Goal by Auston Matthews - CAROLINA : 0 - DALLAS : 1.
12:47 of 1st period - Kirby Dach wins face-off versus Sam Lafferty in neutral zone.
12:52 of 1st period - Matt Benning is hit by Lawson Crouse and loses puck.
14:06 of 1st period - Shot by Matt Martin.
14:06 of 1st period - Goal by Matt Martin - CAROLINA : 1 - DALLAS : 1.
14:07 of 1st period - David Kampf wins face-off versus Timo Meier in neutral zone.
14:21 of 1st period - Icing by Nikita Zaitsev.
14:22 of 1st period - Auston Matthews wins face-off versus Nicklas Backstrom in DALLAS zone.
14:53 of 1st period - Shot by Auston Matthews.
14:53 of 1st period - Deflect By Mikko Rantanen.
14:53 of 1st period - Stopped by Sergei Bobrovsky without a rebound.
14:54 of 1st period - Patrice Bergeron wins face-off versus Evgenii Dadonov in CAROLINA zone.
15:28 of 1st period - Evgenii Dadonov is hit by Matt Benning and loses puck.
15:50 of 1st period - Adam Henrique is hit by Adam Boqvist and loses puck.
16:02 of 1st period - Adam Henrique is hit by Adam Boqvist and loses puck.
16:07 of 1st period - Shot by David Kampf.
16:07 of 1st period - Shot Blocked by Quinn Hughes.
16:09 of 1st period - Shot by Duncan Keith.
16:09 of 1st period - Shot Misses the Net.
16:11 of 1st period - Shot by Duncan Keith.
16:11 of 1st period - Shot Misses the Net.
16:13 of 1st period - Shot by Duncan Keith.
16:13 of 1st period - Shot Misses the Net.
16:25 of 1st period - Shot by Alexander Radulov.
16:25 of 1st period - Shot Blocked by Quinn Hughes.
16:27 of 1st period - Shot by Nicklas Backstrom.
16:27 of 1st period - Shot Misses the Net.
16:49 of 1st period - Shot by Shea Weber.
16:49 of 1st period - Shot Blocked by Charlie McAvoy.
16:51 of 1st period - Shot by Shea Weber.
16:51 of 1st period - Stopped by Ben Bishop without a rebound.
16:52 of 1st period - Sam Lafferty wins face-off versus Alex Tuch in DALLAS zone.
16:55 of 1st period - Shot by Patrice Bergeron.
16:55 of 1st period - Stopped by Ben Bishop without a rebound.
16:56 of 1st period - Patrice Bergeron wins face-off versus Auston Matthews in DALLAS zone.
16:56 of 1st period - Patrice Bergeron is hit by Charlie McAvoy.
17:34 of 1st period - Shot by Auston Matthews.
17:34 of 1st period - Stopped by Sergei Bobrovsky without a rebound.
17:35 of 1st period - Alex Tuch wins face-off versus David Kampf in CAROLINA zone.
17:36 of 1st period - Shot by Nikita Zaitsev.
17:36 of 1st period - Shot Blocked by Shea Weber.
17:45 of 1st period - Adam Henrique is hit by Jakob Chychrun and loses puck.
17:50 of 1st period - Shot by Adam Henrique.
17:50 of 1st period - Stopped by Ben Bishop with a rebound.
17:52 of 1st period - Shot by Brent Burns.
17:52 of 1st period - Shot Misses the Net.
18:02 of 1st period - Shot by Shea Weber.
18:02 of 1st period - Shot Blocked by Nikita Zaitsev.
18:07 of 1st period - Adam Henrique is hit by Jakob Chychrun and loses puck.
19:06 of 1st period - Shot by Duncan Keith.
19:06 of 1st period - Shot Misses the Net.
19:12 of 1st period - Shot by Nicklas Backstrom.
19:12 of 1st period - Shot Misses the Net.
19:45 of 1st period - Shot by Auston Matthews.
19:45 of 1st period - Shot Misses the Net.
19:47 of 1st period - Shot by Mikko Rantanen.
19:47 of 1st period - Deflect By Auston Matthews.
19:47 of 1st period - Goal by Auston Matthews - CAROLINA : 1 - DALLAS : 2.
19:48 of 1st period - Pavel Zacha wins face-off versus Sam Lafferty in neutral zone.
Goals for this period are 1 for CAROLINA vs 2 for DALLAS.
Shots for this period are 7 for CAROLINA vs 7 for DALLAS.

2nd period


0:01 of 2nd period - Auston Matthews wins face-off versus Patrice Bergeron in neutral zone.
0:01 of 2nd period - Auston Matthews is hit by Patrice Bergeron.
0:10 of 2nd period - Minor Penalty to Timo Meier for Hooking.
0:11 of 2nd period - Matt Martin wins face-off versus Auston Matthews in DALLAS zone.
0:12 of 2nd period - Shot by Brent Burns.
0:12 of 2nd period - Stopped by Ben Bishop without a rebound.
0:13 of 2nd period - Patrice Bergeron wins face-off versus Auston Matthews in DALLAS zone.
0:38 of 2nd period - Off-side.
0:39 of 2nd period - Auston Matthews wins face-off versus Nicklas Backstrom in neutral zone.
0:45 of 2nd period - Icing by Deryk Engelland.
0:46 of 2nd period - Matt Martin wins face-off versus Auston Matthews in CAROLINA zone.
1:15 of 2nd period - Shot by Nicklas Backstrom.
1:15 of 2nd period - Goal by Nicklas Backstrom - CAROLINA : 2 - DALLAS : 2.
1:16 of 2nd period - Patrice Bergeron wins face-off versus Travis Konecny in neutral zone.
1:20 of 2nd period - Vladimir Tarasenko is hit by Brady Skjei.
1:22 of 2nd period - Shot by Shea Weber.
1:22 of 2nd period - Shot Misses the Net.
1:32 of 2nd period - Shot by Travis Konecny.
1:32 of 2nd period - Shot Blocked by Shea Weber.
1:40 of 2nd period - Shot by Evgenii Dadonov.
1:40 of 2nd period - Shot Misses the Net.
2:25 of 2nd period - Off-side.
2:26 of 2nd period - Auston Matthews wins face-off versus Nicklas Backstrom in neutral zone.
2:36 of 2nd period - Auston Matthews is hit by Alexander Radulov and loses puck.
2:45 of 2nd period - Minor Penalty to Matt Martin for Hooking.
2:46 of 2nd period - Patrice Bergeron wins face-off versus Auston Matthews in CAROLINA zone.
2:46 of 2nd period - Patrice Bergeron is hit by Timo Meier.
3:06 of 2nd period - Shot by Mikko Rantanen.
3:06 of 2nd period - Stopped by Sergei Bobrovsky with a rebound.
3:08 of 2nd period - Shot by Nikita Zaitsev.
3:08 of 2nd period - Stopped by Sergei Bobrovsky with a rebound.
3:10 of 2nd period - Shot by Jakob Chychrun.
3:10 of 2nd period - Stopped by Sergei Bobrovsky with a rebound.
3:12 of 2nd period - Shot by Jakob Chychrun.
3:12 of 2nd period - Stopped by Sergei Bobrovsky without a rebound.
3:13 of 2nd period - Pavel Zacha wins face-off versus Vladimir Tarasenko in CAROLINA zone.
3:16 of 2nd period - Shot by Evgenii Dadonov.
3:16 of 2nd period - Stopped by Sergei Bobrovsky with a rebound.
3:18 of 2nd period - Shot by Charlie McAvoy.
3:18 of 2nd period - Shot Blocked by Brent Burns.
3:24 of 2nd period - Shot by Charlie McAvoy.
3:24 of 2nd period - Stopped by Sergei Bobrovsky without a rebound.
3:25 of 2nd period - Pavel Zacha wins face-off versus Patrice Bergeron in CAROLINA zone.
3:34 of 2nd period - Shot by Brady Skjei.
3:34 of 2nd period - Shot Misses the Net.
4:54 of 2nd period - Shot by Sebastian Aho.
4:54 of 2nd period - Goal by Sebastian Aho - CAROLINA : 3 - DALLAS : 2.
4:55 of 2nd period - Alex Tuch wins face-off versus David Kampf in neutral zone.
5:10 of 2nd period - Shot by Alex Tuch.
5:10 of 2nd period - Shot Misses the Net.
5:29 of 2nd period - Minor Penalty to Dmitri Sokolov for Holding.
5:30 of 2nd period - Patrice Bergeron wins face-off versus Auston Matthews in CAROLINA zone.
5:30 of 2nd period - Patrice Bergeron is hit by Timo Meier.
6:21 of 2nd period - Icing by Brady Skjei.
6:22 of 2nd period - Patrice Bergeron wins face-off versus Pavel Zacha in DALLAS zone.
6:32 of 2nd period - Icing by Brady Skjei.
6:33 of 2nd period - Vladimir Tarasenko wins face-off versus Pavel Zacha in DALLAS zone.
7:48 of 2nd period - Ilya Mikheyev is hit by Matt Benning and loses puck.
7:58 of 2nd period - Matt Benning is hit by Quinn Hughes and loses puck.
8:03 of 2nd period - Shot by Adam Henrique.
8:03 of 2nd period - Stopped by Ben Bishop with a rebound.
8:05 of 2nd period - Shot by Matt Benning.
8:05 of 2nd period - Shot Misses the Net.
9:29 of 2nd period - Off-side.
9:30 of 2nd period - Auston Matthews wins face-off versus David Kampf in neutral zone.
9:40 of 2nd period - Shot by Auston Matthews.
9:40 of 2nd period - Shot Misses the Net.
9:42 of 2nd period - Shot by Adam Boqvist.
9:42 of 2nd period - Goal by Adam Boqvist - CAROLINA : 3 - DALLAS : 3.
9:43 of 2nd period - David Kampf wins face-off versus Kasperi Kapanen in neutral zone.
9:53 of 2nd period - Icing by Shea Weber.
9:54 of 2nd period - David Kampf wins face-off versus Auston Matthews in CAROLINA zone.
10:03 of 2nd period - Shot by Auston Matthews.
10:03 of 2nd period - Shot Blocked by Brent Burns.
10:05 of 2nd period - Shot by Charlie McAvoy.
10:05 of 2nd period - Stopped by Sergei Bobrovsky without a rebound.
10:06 of 2nd period - Patrice Bergeron wins face-off versus Pavel Zacha in CAROLINA zone.
10:11 of 2nd period - Travis Konecny is hit by Dominik Kubalik and loses puck.
11:06 of 2nd period - Shot by Mikko Rantanen.
11:06 of 2nd period - Shot Blocked by Deryk Engelland.
11:41 of 2nd period - Minor Penalty to Brady Skjei for Roughing.
11:42 of 2nd period - Nicklas Backstrom wins face-off versus Auston Matthews in DALLAS zone.
11:53 of 2nd period - Shot by Nicklas Backstrom.
11:53 of 2nd period - Stopped by Ben Bishop with a rebound.
12:22 of 2nd period - Icing by Deryk Engelland.
12:23 of 2nd period - Timo Meier wins face-off versus Patrice Bergeron in CAROLINA zone.
12:42 of 2nd period - Shot by Patrice Bergeron.
12:42 of 2nd period - Stopped by Ben Bishop with a rebound.
12:44 of 2nd period - Shot by Deryk Engelland.
12:44 of 2nd period - Shot Misses the Net.
13:53 of 2nd period - Minor Penalty to Brady Skjei for Hooking.
13:54 of 2nd period - Patrice Bergeron wins face-off versus Auston Matthews in DALLAS zone.
13:55 of 2nd period - Shot by Brent Burns.
13:55 of 2nd period - Stopped by Ben Bishop without a rebound.
13:56 of 2nd period - Auston Matthews wins face-off versus Patrice Bergeron in DALLAS zone.
14:30 of 2nd period - Icing by Brent Burns.
14:31 of 2nd period - Auston Matthews wins face-off versus Patrice Bergeron in CAROLINA zone.
14:55 of 2nd period - Icing by Deryk Engelland.
14:56 of 2nd period - Timo Meier wins face-off versus Matt Martin in CAROLINA zone.
16:18 of 2nd period - Shot by Adam Henrique.
16:18 of 2nd period - Shot Misses the Net.
16:26 of 2nd period - Shot by Alex Tuch.
16:26 of 2nd period - Deflect By Ilya Mikheyev.
16:26 of 2nd period - Goal by Ilya Mikheyev - CAROLINA : 3 - DALLAS : 4.
16:27 of 2nd period - Patrice Bergeron wins face-off versus Pavel Zacha in neutral zone.
16:29 of 2nd period - Brent Burns is hit by Jakob Chychrun and loses puck.
16:46 of 2nd period - Shot by Jakob Chychrun.
16:46 of 2nd period - Shot Misses the Net.
16:54 of 2nd period - Icing by Joel L'Esperance.
16:55 of 2nd period - Kirby Dach wins face-off versus Sam Lafferty in CAROLINA zone.
17:02 of 2nd period - Shot by Kirby Dach.
17:02 of 2nd period - Stopped by Sergei Bobrovsky without a rebound.
17:03 of 2nd period - Auston Matthews wins face-off versus Nicklas Backstrom in CAROLINA zone.
17:12 of 2nd period - Shot by Matt Martin.
17:12 of 2nd period - Stopped by Ben Bishop without a rebound.
17:13 of 2nd period - David Kampf wins face-off versus Pavel Zacha in DALLAS zone.
17:20 of 2nd period - Shot by Adam Henrique.
17:20 of 2nd period - Stopped by Ben Bishop with a rebound.
17:22 of 2nd period - Shot by Adam Henrique.
17:22 of 2nd period - Shot Misses the Net.
17:24 of 2nd period - Shot by David Kampf.
17:24 of 2nd period - Shot Blocked by Brady Skjei.
18:08 of 2nd period - Shot by Alexander Radulov.
18:08 of 2nd period - Stopped by Ben Bishop with a rebound.
18:10 of 2nd period - Shot by Matt Martin.
18:10 of 2nd period - Shot Misses the Net.
18:12 of 2nd period - Shot by Matt Martin.
18:12 of 2nd period - Shot Misses the Net.
18:14 of 2nd period - Shot by Matt Martin.
18:14 of 2nd period - Deflect By Alexander Radulov.
18:14 of 2nd period - Stopped by Ben Bishop without a rebound.
18:15 of 2nd period - Patrice Bergeron wins face-off versus Auston Matthews in DALLAS zone.
18:19 of 2nd period - Icing by Jakob Chychrun.
18:20 of 2nd period - Patrice Bergeron wins face-off versus Auston Matthews in DALLAS zone.
18:41 of 2nd period - Shot by Auston Matthews.
18:41 of 2nd period - Stopped by Sergei Bobrovsky with a rebound.
18:43 of 2nd period - Shot by Nikita Zaitsev.
18:43 of 2nd period - Stopped by Sergei Bobrovsky without a rebound.
18:44 of 2nd period - Alex Tuch wins face-off versus Nicklas Backstrom in CAROLINA zone.
19:18 of 2nd period - Alexander Radulov is hit by Adam Boqvist and loses puck.
19:34 of 2nd period - Dominik Kubalik is hit by Adam Boqvist and loses puck.
Goals for this period are 2 for CAROLINA vs 2 for DALLAS.
Shots for this period are 11 for CAROLINA vs 12 for DALLAS.

3rd period


0:01 of 3rd period - Auston Matthews wins face-off versus Patrice Bergeron in neutral zone.
0:30 of 3rd period - Icing by Brady Skjei.
0:31 of 3rd period - Timo Meier wins face-off versus Nicklas Backstrom in DALLAS zone.
0:44 of 3rd period - Shot by Timo Meier.
0:44 of 3rd period - Stopped by Sergei Bobrovsky without a rebound.
0:45 of 3rd period - David Kampf wins face-off versus Pavel Zacha in CAROLINA zone.
1:48 of 3rd period - Shot by Alex Tuch.
1:48 of 3rd period - The goal is going for a video replay.
1:48 of 3rd period - The goal is refused.
1:49 of 3rd period - Auston Matthews wins face-off versus Patrice Bergeron in CAROLINA zone.
1:56 of 3rd period - Shot by Auston Matthews.
1:56 of 3rd period - Deflect By Mikko Rantanen.
1:56 of 3rd period - Shot Misses the Net.
1:59 of 3rd period - Icing by Brent Burns.
2:00 of 3rd period - Alex Tuch wins face-off versus Dominik Kubalik in CAROLINA zone.
2:29 of 3rd period - Off-side.
2:30 of 3rd period - Nicklas Backstrom wins face-off versus Auston Matthews in neutral zone.
2:38 of 3rd period - Icing by Auston Matthews.
2:39 of 3rd period - Nicklas Backstrom wins face-off versus Auston Matthews in DALLAS zone.
2:56 of 3rd period - Shot by Nicklas Backstrom.
2:56 of 3rd period - Stopped by Ben Bishop without a rebound.
2:57 of 3rd period - Pavel Zacha wins face-off versus Patrice Bergeron in DALLAS zone.
3:01 of 3rd period - Off-side.
3:02 of 3rd period - Patrice Bergeron wins face-off versus Auston Matthews in neutral zone.
3:25 of 3rd period - Shot by Charlie McAvoy.
3:25 of 3rd period - Stopped by Sergei Bobrovsky without a rebound.
3:26 of 3rd period - Nicklas Backstrom wins face-off versus Evgenii Dadonov in CAROLINA zone.
4:04 of 3rd period - Shot by Duncan Keith.
4:04 of 3rd period - Stopped by Ben Bishop with a rebound.
4:06 of 3rd period - Shot by Nicklas Backstrom.
4:06 of 3rd period - Stopped by Ben Bishop without a rebound.
4:07 of 3rd period - Auston Matthews wins face-off versus Patrice Bergeron in DALLAS zone.
4:14 of 3rd period - Shot by Timo Meier.
4:14 of 3rd period - Deflect By Mikko Rantanen.
4:14 of 3rd period - Shot Misses the Net.
4:16 of 3rd period - Shot by Auston Matthews.
4:16 of 3rd period - Deflect By Mikko Rantanen.
4:16 of 3rd period - Shot Blocked by Brent Burns.
4:18 of 3rd period - Shot by Timo Meier.
4:18 of 3rd period - Deflect By Auston Matthews.
4:18 of 3rd period - Stopped by Sergei Bobrovsky without a rebound.
4:19 of 3rd period - Alex Tuch wins face-off versus David Kampf in CAROLINA zone.
4:22 of 3rd period - Shot by Kasperi Kapanen.
4:22 of 3rd period - Stopped by Sergei Bobrovsky without a rebound.
4:23 of 3rd period - Auston Matthews wins face-off versus Vladimir Tarasenko in CAROLINA zone.
4:43 of 3rd period - Shot by Auston Matthews.
4:43 of 3rd period - Deflect By Mikko Rantanen.
4:43 of 3rd period - Stopped by Sergei Bobrovsky without a rebound.
4:44 of 3rd period - Nicklas Backstrom wins face-off versus Travis Konecny in CAROLINA zone.
5:12 of 3rd period - Icing by Alexander Radulov.
5:13 of 3rd period - Nicklas Backstrom wins face-off versus Mikko Rantanen in CAROLINA zone.
5:17 of 3rd period - Off-side.
5:18 of 3rd period - Auston Matthews wins face-off versus Patrice Bergeron in neutral zone.
5:30 of 3rd period - Shot by Brent Burns.
5:30 of 3rd period - Stopped by Ben Bishop without a rebound.
5:31 of 3rd period - Pavel Zacha wins face-off versus David Kampf in DALLAS zone.
5:40 of 3rd period - Shot by Adam Henrique.
5:40 of 3rd period - Deflect By David Kampf.
5:40 of 3rd period - Stopped by Ben Bishop without a rebound.
5:41 of 3rd period - Patrice Bergeron wins face-off versus Auston Matthews in DALLAS zone.
5:41 of 3rd period - Patrice Bergeron is hit by Brady Skjei.
6:01 of 3rd period - Charlie McAvoy is hit by Patrice Bergeron and loses puck.
6:10 of 3rd period - Shot by Mikko Rantanen.
6:10 of 3rd period - Stopped by Sergei Bobrovsky with a rebound.
6:12 of 3rd period - Shot by Charlie McAvoy.
6:12 of 3rd period - Stopped by Sergei Bobrovsky without a rebound.
6:13 of 3rd period - Pavel Zacha wins face-off versus Nicklas Backstrom in CAROLINA zone.
6:13 of 3rd period - Jakob Chychrun is hit by Matt Benning and loses puck.
6:29 of 3rd period - Icing by Sebastian Aho.
6:30 of 3rd period - Nicklas Backstrom wins face-off versus Alex Tuch in CAROLINA zone.
6:30 of 3rd period - Nicklas Backstrom is hit by Kasperi Kapanen.
6:35 of 3rd period - Sebastian Aho is hit by Quinn Hughes and loses puck.
7:43 of 3rd period - Matt Martin is hit by Mikko Rantanen and loses puck.
7:47 of 3rd period - Icing by Sebastian Aho.
7:48 of 3rd period - Pavel Zacha wins face-off versus Nicklas Backstrom in CAROLINA zone.
8:31 of 3rd period - Shot by Patrice Bergeron.
8:31 of 3rd period - Stopped by Ben Bishop without a rebound.
8:32 of 3rd period - David Kampf wins face-off versus Auston Matthews in DALLAS zone.
9:24 of 3rd period - Off-side.
9:25 of 3rd period - Patrice Bergeron wins face-off versus Alex Tuch in neutral zone.
9:50 of 3rd period - Shot by Ilya Mikheyev.
9:50 of 3rd period - Stopped by Sergei Bobrovsky with a rebound.
10:30 of 3rd period - Shot by Sam Lafferty.
10:30 of 3rd period - Shot Misses the Net.
10:48 of 3rd period - Shot by Travis Konecny.
10:48 of 3rd period - Shot Blocked by Brent Burns.
11:25 of 3rd period - Shot by Adam Henrique.
11:25 of 3rd period - Stopped by Ben Bishop without a rebound.
11:26 of 3rd period - Auston Matthews wins face-off versus Patrice Bergeron in DALLAS zone.
11:35 of 3rd period - Shot by Mikko Rantanen.
11:35 of 3rd period - Stopped by Sergei Bobrovsky without a rebound.
11:36 of 3rd period - Kirby Dach wins face-off versus David Kampf in CAROLINA zone.
11:39 of 3rd period - Shot by Kirby Dach.
11:39 of 3rd period - Stopped by Sergei Bobrovsky without a rebound.
11:40 of 3rd period - Patrice Bergeron wins face-off versus Auston Matthews in CAROLINA zone.
12:03 of 3rd period - Shot by Mikko Rantanen.
12:03 of 3rd period - Stopped by Sergei Bobrovsky without a rebound.
12:04 of 3rd period - Kasperi Kapanen wins face-off versus Nicklas Backstrom in CAROLINA zone.
12:04 of 3rd period - Kasperi Kapanen is hit by Sebastian Aho.
12:28 of 3rd period - Shot by Matt Martin.
12:28 of 3rd period - Stopped by Ben Bishop with a rebound.
12:30 of 3rd period - Shot by Matt Martin.
12:30 of 3rd period - Shot Misses the Net.
12:32 of 3rd period - Shot by Matt Martin.
12:32 of 3rd period - Stopped by Ben Bishop without a rebound.
12:33 of 3rd period - Patrice Bergeron wins face-off versus Mikko Rantanen in DALLAS zone.
12:34 of 3rd period - Shot by Dominik Kubalik.
12:34 of 3rd period - Stopped by Ben Bishop without a rebound.
12:35 of 3rd period - Auston Matthews wins face-off versus Patrice Bergeron in DALLAS zone.
13:03 of 3rd period - Patrice Bergeron is hit by Charlie McAvoy and loses puck.
13:17 of 3rd period - Off-side.
13:18 of 3rd period - Nicklas Backstrom wins face-off versus Pavel Zacha in neutral zone.
13:18 of 3rd period - Nicklas Backstrom is hit by Travis Konecny.
13:52 of 3rd period - Icing by Travis Konecny.
13:53 of 3rd period - David Kampf wins face-off versus Pavel Zacha in DALLAS zone.
13:53 of 3rd period - Adam Henrique is hit by Jakob Chychrun and loses puck.
14:27 of 3rd period - Shot by Adam Henrique.
14:27 of 3rd period - Shot Misses the Net.
15:07 of 3rd period - Off-side.
15:08 of 3rd period - Patrice Bergeron wins face-off versus Auston Matthews in neutral zone.
15:37 of 3rd period - Shot by Auston Matthews.
15:37 of 3rd period - Stopped by Sergei Bobrovsky without a rebound.
15:38 of 3rd period - Nicklas Backstrom wins face-off versus Pavel Zacha in CAROLINA zone.
15:48 of 3rd period - Deryk Engelland is hit by Travis Konecny and loses puck.
15:55 of 3rd period - Deryk Engelland is hit by Travis Konecny.
17:48 of 3rd period - David Kampf is hit by Timo Meier and loses puck.
17:57 of 3rd period - Shot by Auston Matthews.
17:57 of 3rd period - Shot Misses the Net.
17:59 of 3rd period - Shot by Quinn Hughes.
17:59 of 3rd period - Shot Misses the Net.
18:01 of 3rd period - Shot by Mikko Rantanen.
18:01 of 3rd period - Shot Blocked by Sebastian Aho.
18:03 of 3rd period - Shot by Timo Meier.
18:03 of 3rd period - Shot Misses the Net.
18:39 of 3rd period - Sebastian Aho is hit by Nikita Zaitsev and loses puck.
18:58 of 3rd period - Jakob Chychrun is hit by Matt Martin and loses puck.
19:14 of 3rd period - Icing by Duncan Keith.
19:15 of 3rd period - Auston Matthews wins face-off versus Nicklas Backstrom in CAROLINA zone.
19:17 of 3rd period - Brady Skjei is hit by Deryk Engelland and loses puck.
19:26 of 3rd period - Mikko Rantanen is hit by Matt Martin and loses puck.
19:29 of 3rd period - CAROLINA, Sergei Bobrovsky is pulled from the net.
19:44 of 3rd period - Minor Penalty to Mikko Rantanen for High sticking.
19:45 of 3rd period - Vladimir Tarasenko wins face-off versus Auston Matthews in DALLAS zone.
19:52 of 3rd period - Shot by Dominik Kubalik.
19:52 of 3rd period - Shot Blocked by Nikita Zaitsev.
Goals for this period are 0 for CAROLINA vs 0 for DALLAS.
Shots for this period are 10 for CAROLINA vs 13 for DALLAS.